Map: Tokamak LE

Players

Zoun

  • Race: Protoss Protoss
  • Spawn Location: 1:00

ByuN - Winner!

  • Race: Terran Terran
  • Spawn Location: 7:00

Event: Esports World Cup 2025

VOD

Have the link to the VOD?

Description

Time

  • Played on: July 23, 2025, 5:53 a.m.
  • Length: 18:52

All games in this series

Show
View Real Time Build Order
Export as new Build Order

Zoun Protoss 

Build Orders: 1 Gate Expand, Phoenix Opening, Blink Stalkers 

Get SALT Encoding   

  12  0:00  Probe  
  13  0:12  Probe  
  14  0:16  Pylon  
  14  0:23  Probe  
  15  0:31  Probe  
  16  0:35  Gateway  
  16  0:39  Probe  
  16  0:45  Assimilator  
  17  0:51  Probe  
  18  1:03  Probe  
  19  1:15  Probe  
  20  1:22  Nexus  
  20  1:31  Cybernetics Core  
  20  1:34  Probe  
  21  1:40  Assimilator  
  21  1:46  Probe  
  22  1:50  Pylon  
  22  1:57  Stalker  
  22  1:58  Probe  
  23  2:08  Warp Gate  
  23  2:11  Probe  
  23  2:14  Shield Battery  
  26  2:23  Probe  
  26  2:24  Phoenix  
  26  2:25  Sentry  
  29  2:30  Shield Battery  
  29  2:34  Probe  
  29  2:35  Probe  
  31  2:44  Probe  
  31  2:46  Twilight Council  
  31  2:47  Probe  
  33  2:52  Stalker  
  33  2:54  Blink  
  33  2:57  Probe  
  36  2:59  Phoenix  
  36  3:01  Probe  
  37  3:09  Probe  
  38  3:14  Gateway  
  38  3:17  Probe  
  39  3:22  Probe  
  40  3:29  Probe  
  40  3:31  Gateway  
  41  3:34  Probe  
  41  3:40  Pylon  
  42  3:41  Probe  
  42  3:44  Robotics Facility  
  42  3:46  Probe  
  44  3:54  Probe, Assimilator x2  
  45  4:02  Stalker  
  45  4:05  Pylon  
  45  4:08  Probe  
  45  4:09  Stalker  
  50  4:10  Probe  
  50  4:13  Pylon  
  51  4:20  Probe  
  51  4:23  Probe  
  53  4:26  Stalker x2  
  53  4:31  Observer  
  58  4:32  Stalker  
  58  4:34  Probe  
  58  4:36  Probe  
  62  4:46  Probe  
  62  4:48  Observer  
  62  4:52  Probe  
  65  4:53  Templar Archives  
  64  5:02  Gateway  
  64  5:04  Gateway  
  64  5:06  Probe, Charge  
  65  5:13  Psionic Storm, Gateway  
  65  5:15  Pylon  
  65  5:17  Probe  
  65  5:20  Immortal  
  70  5:28  Pylon  
  70  5:36  Observer  
  70  5:43  Nexus  
  70  5:48  Pylon  
  70  5:50  High Templar  
  70  5:55  Probe  
  72  6:01  Pylon  
  72  6:02  Probe  
  73  6:04  High Templar  
  73  6:07  Probe  
  76  6:13  Pylon  
  76  6:14  Probe  
  76  6:16  High Templar  
  76  6:17  Zealot x3  
  85  6:19  Probe  
  85  6:22  Forge  
  86  6:27  Probe  
  86  6:28  Zealot  
  89  6:35  Gateway  
  89  6:39  Zealot x3  
  95  6:44  Probe  
  95  6:45  Protoss Ground Weapons Level 1  
  86  6:57  Zealot x3  
  86  6:59  Probe x2  
  94  7:03  Zealot  
  96  7:09  Zealot  
  96  7:10  Zealot  
  96  7:13  Observer  
  92  7:17  Probe  
  92  7:19  Zealot x3  
  96  7:22  Probe  
  96  7:23  Probe  
  96  7:26  High Templar  
  96  7:29  Probe  
  94  7:35  Probe, Zealot x2  
  94  7:36  Probe  
  96  7:41  Probe  
  91  7:47  Probe  
  91  7:48  Probe  
  91  7:50  Shield Battery  
  93  7:52  Zealot  
  93  7:54  Probe  
  93  7:55  High Templar x3  
  93  7:56  High Templar  
  104  7:59  Probe  
  104  8:00  Archon  
  104  8:01  Gateway, Archon  
  105  8:05  High Templar  
  105  8:06  Pylon  
  105  8:07  Photon Cannon  
  107  8:16  Zealot x2  
  107  8:17  Observer  
  112  8:30  Forge  
  112  8:33  Stalker x4  
  120  8:34  Pylon  
  120  8:41  Observer  
  119  8:51  Stalker x3  
  119  8:54  Nexus  
  125  8:57  Pylon  
  125  9:04  Robotics Bay  
  125  9:05  Probe x2  
  125  9:06  Robotics Facility, Assimilator  
  125  9:07  Assimilator  
  127  9:11  Protoss Ground Weapons Level 2  
  127  9:12  Warp Prism  
  127  9:14  Zealot x2  
  127  9:15  Zealot x4  
  138  9:17  Protoss Ground Armor Level 1  
  140  9:37  Archon  
  130  9:46  Zealot x8  
  130  9:48  Disruptor  
  130  9:51  Probe x2  
  144  9:55  Disruptor  
  148  10:00  Pylon  
  148  10:01  Shield Battery  
  148  10:02  Probe  
  152  10:08  Pylon, Probe  
  152  10:09  Probe  
  152  10:10  Pylon  
  150  10:22  Disruptor  
  150  10:24  Zealot x6  
  160  10:31  Observer  
  160  10:35  Photon Cannon  
  159  10:43  Disruptor, Zealot x2  
  167  10:52  Disruptor  
  167  10:56  Zealot x4  
  173  10:57  High Templar  
  167  11:05  Gateway  
  167  11:06  Gateway  
  167  11:07  Zealot x3  
  173  11:14  Observer  
  173  11:16  Nexus  
  173  11:19  Pylon  
  173  11:22  Observer, Protoss Ground Armor Level 2  
  174  11:28  Zealot x5  
  183  11:34  Probe x3  
  183  11:35  Probe  
  185  11:46  Probe  
  182  11:48  Zealot x3  
  186  11:56  Observer  
  148  12:09  Disruptor x2  
  148  12:11  Zealot x9  
  148  12:12  Zealot  
  170  12:19  Probe x2  
  156  12:34  Zealot  
  156  12:35  Zealot x6  
  166  12:39  High Templar  
  160  12:44  Disruptor x2  
  160  12:48  Probe x2  
  170  12:56  Observer  
  166  13:06  Stalker x5  
  166  13:07  Stalker x2  
  166  13:08  Protoss Ground Weapons Level 3  
  166  13:10  Disruptor x2  
  178  13:15  Sentry  
  176  13:29  Nexus  
  176  13:30  High Templar  
  178  13:34  Photon Cannon  
  178  13:36  Pylon  
  178  13:37  Zealot x8  
  192  13:46  Disruptor x2  
  198  14:00  Zealot  
  199  14:09  Probe  
  190  14:16  Nexus  
  189  14:21  Pylon  
  161  14:38  Disruptor x2  
  161  14:42  Zealot x8  
  161  14:43  Pylon  
  154  15:00  Observer  
  154  15:02  High Templar  
  154  15:03  Stalker x7  
  154  15:05  Probe x2  
  165  15:09  Observer  
  138  15:28  Nexus  
  138  15:29  Sentry, Stalker x3  
  138  15:30  Stalker  
  148  15:37  Observer  
  148  15:50  Observer  
  148  15:57  Nexus  
  148  16:01  Observer  
  148  16:02  Observer  
  146  16:05  Pylon x2  
  140  16:26  Pylon  
  133  16:37  Nexus  
  123  16:45  Colossus  
  80  17:10  Observer  
  80  17:11  High Templar  
  80  17:12  High Templar x3  
  88  17:15  Archon  
  88  17:16  Archon  
  88  17:19  High Templar  
  89  17:30  High Templar x3  
  95  17:42  Probe  
  93  17:46  Stalker  
  95  17:57  Stalker  
  89  18:10  Stalker  
  89  18:11  Stalker  
  92  18:27  Zealot x3  
  59  18:50  Stalker x2  
Show
View Real Time Build Order
Export as new Build Order

ByuN Terran - Winner!

Build Orders: Cyclone Opening 

Get SALT Encoding   

  12  0:00  SCV  
  13  0:12  SCV  
  14  0:16  Supply Depot  
  14  0:24  SCV  
  15  0:38  SCV  
  15  0:39  Barracks  
  15  0:42  Refinery  
  16  0:50  SCV  
  17  1:02  SCV  
  18  1:14  SCV  
  19  1:28  Orbital Command  
  20  1:38  Command Center  
  20  1:39  Marine  
  20  1:50  Factory  
  20  1:53  SCV  
  21  1:59  Refinery  
  21  2:02  Barracks Tech Lab  
  21  2:05  SCV  
  22  2:10  Supply Depot  
  22  2:17  SCV  
  23  2:32  Marine, SCV  
  25  2:41  Cyclone  
  28  2:44  SCV  
  28  2:46  Starport  
  28  2:50  Orbital Command  
  29  2:55  Barracks Reactor  
  29  2:56  SCV  
  30  3:09  SCV  
  30  3:10  Barracks  
  30  3:11  Orbital Command  
  31  3:21  SCV  
  31  3:26  Factory Tech Lab  
  32  3:31  Refinery, Banshee, Marine  
  37  3:38  Supply Depot  
  37  3:39  SCV x2  
  38  3:50  Siege Tank  
  38  3:51  Marine x2, SCV x2  
  45  3:58  Supply Depot  
  45  3:59  Marine  
  46  4:03  SCV x2  
  46  4:09  Marine x2  
  50  4:15  Engineering Bay  
  50  4:16  SCV x2  
  52  4:22  Siege Tank  
  55  4:24  Supply Depot  
  55  4:28  SCV x2  
  55  4:29  Marine  
  58  4:32  Stimpack  
  58  4:34  Marine  
  58  4:36  Marine  
  60  4:40  SCV x2  
  60  4:45  Barracks  
  62  4:46  Starport Reactor  
  62  4:52  SCV, Terran Infantry Weapons Level 1  
  63  4:53  SCV  
  63  4:54  Marine  
  63  4:55  Marine  
  63  4:57  Marine  
  67  5:05  SCV x2  
  69  5:10  Supply Depot  
  69  5:12  Refinery  
  69  5:13  Marine  
  70  5:18  Factory Reactor  
  70  5:22  Supply Depot  
  70  5:23  Marine x2  
  70  5:24  SCV x2  
  74  5:31  Marine  
  74  5:32  Medivac x2  
  79  5:36  SCV x2  
  79  5:40  Supply Depot  
  79  5:41  Marine  
  82  5:46  Marauder x2  
  82  5:48  Combat Shield, SCV x2  
  85  5:55  Marine  
  86  5:59  Marine  
  86  6:00  SCV  
  86  6:04  Supply Depot  
  88  6:06  Medivac  
  88  6:07  Marauder x2  
  88  6:10  Medivac  
  96  6:13  Widow Mine  
  96  6:15  Widow Mine  
  100  6:19  Marine x2  
  100  6:23  Supply Depot  
  101  6:32  Marauder x2  
  105  6:36  Marine  
  105  6:37  Marine  
  105  6:38  Medivac  
  109  6:43  Medivac  
  108  6:53  Marauder  
  108  6:54  Marauder, Marine x2  
  109  7:00  Command Center  
  109  7:11  Barracks  
  109  7:13  Barracks, SCV x2  
  109  7:17  Concussive Shells  
  109  7:18  Marine  
  109  7:19  Marine  
  106  7:25  SCV x2  
  106  7:29  Marauder  
  102  7:32  Widow Mine x2  
  101  7:38  Marauder, Marine x2  
  101  7:44  Terran Infantry Armor Level 1  
  103  7:49  Ghost Academy  
  103  7:54  Marauder, Widow Mine x2  
  103  7:56  SCV x2  
  111  7:59  Marauder, Barracks Tech Lab, Barracks Reactor  
  111  8:00  Marine  
  111  8:02  Marine  
  115  8:08  SCV x2  
  115  8:12  Medivac x2  
  121  8:17  Ghost  
  124  8:20  SCV x2  
  124  8:21  Ghost x2  
  124  8:25  Marine  
  133  8:30  Supply Depot  
  133  8:33  Supply Depot  
  133  8:36  Supply Depot  
  133  8:40  Orbital Command  
  133  8:44  Supply Depot x2  
  133  8:45  Marine  
  133  8:46  SCV x2  
  131  8:51  Ghost  
  131  8:52  Marine x3  
  139  8:56  Supply Depot  
  137  9:05  Viking x2  
  137  9:06  SCV  
  137  9:07  SCV x2  
  132  9:10  Sensor Tower  
  132  9:14  Marine x3  
  134  9:18  Marauder  
  134  9:20  Ghost  
  134  9:21  Ghost  
  138  9:24  Armory  
  138  9:27  Engineering Bay  
  138  9:29  Refinery, SCV x2  
  138  9:30  Refinery, SCV  
  139  9:43  Ghost  
  139  9:44  Marine  
  141  9:50  Viking x2  
  145  9:59  Marauder x2  
  149  10:00  Command Center, Marine  
  149  10:01  Marine  
  149  10:05  Marine x2  
  153  10:08  Supply Depot  
  153  10:12  Terran Infantry Armor Level 2, Marauder  
  153  10:13  Terran Infantry Weapons Level 2  
  155  10:22  Viking  
  155  10:23  Viking  
  157  10:35  Marauder x3  
  162  10:38  Marine x4  
  166  10:46  Barracks  
  166  10:47  Barracks  
  166  10:49  Barracks  
  166  10:51  SCV x2  
  166  10:52  Starport, SCV  
  166  10:56  Marauder  
  171  11:05  Marine  
  171  11:06  Marine  
  171  11:07  Marine x2  
  171  11:08  Ghost  
  177  11:17  Medivac x2  
  181  11:20  SCV x3  
  181  11:24  Terran Ship Weapons Level 1  
  184  11:32  Marauder  
  188  11:33  Marine x3  
  188  11:34  Barracks Tech Lab, Marine  
  188  11:35  Barracks Tech Lab  
  188  11:36  Barracks Reactor  
  188  11:37  Ghost x2  
  196  11:46  Fusion Core, Planetary Fortress  
  194  11:47  Missile Turret, SCV  
  194  11:48  SCV  
  194  11:54  Marauder  
  186  12:02  Marauder  
  186  12:06  SCV  
  186  12:08  Marauder x2, Marine  
  190  12:11  Marauder  
  190  12:15  Marauder  
  192  12:23  Marauder  
  192  12:29  Marauder x2  
  190  12:30  Medivac x2  
  190  12:32  Marauder, Marine x3  
  190  12:33  Marine  
  190  12:36  Marauder  
  190  12:37  Medivac x2  
  190  12:38  Marine  
  190  12:39  Marine  
  190  12:43  Terran Infantry Armor Level 3  
  194  12:47  Marauder  
  194  12:48  Terran Infantry Weapons Level 3  
  196  12:55  Advanced Ballistics  
  187  13:03  Marauder  
  188  13:10  Medivac x2  
  188  13:12  Liberator  
  195  13:15  Marauder  
  195  13:17  Refinery  
  196  13:21  Refinery  
  196  13:51  Marauder  
  196  13:53  Liberator  
  195  14:04  Supply Depot  
  195  14:05  Marauder, Liberator  
  195  14:07  Caduceus Reactor, Liberator  
  195  14:08  Ghost, Liberator  
  195  14:09  Command Center, Marine  
  196  14:11  Command Center  
  196  14:14  Marine x2  
  195  14:17  Marine  
  196  14:25  Ghost  
  196  14:27  Ghost  
  196  14:28  Marauder  
  193  14:37  Marauder  
  193  14:38  Marauder, Marine x2  
  180  14:49  Marauder  
  180  14:51  SCV x2  
  161  14:54  Marauder  
  161  14:56  Marauder, SCV  
  161  14:59  Marauder x2  
  153  15:03  SCV x2  
  152  15:08  SCV  
  152  15:10  Marauder  
  146  15:15  SCV  
  146  15:16  Marauder  
  146  15:18  Marauder  
  146  15:20  Marauder  
  146  15:21  Marauder  
  147  15:25  Medivac x2  
  149  15:32  Marauder  
  151  15:36  Marine  
  151  15:37  Marauder  
  151  15:39  Marauder  
  151  15:40  Marine x3  
  151  15:41  Marauder  
  151  15:42  Marauder  
  163  15:45  Sensor Tower, Marine  
  164  15:53  Marauder  
  166  15:58  Marauder  
  166  16:00  Marauder  
  166  16:02  Liberator x2  
  176  16:18  Marauder x3  
  174  16:20  Marine  
  174  16:21  Liberator  
  178  16:30  Marauder x2  
  179  16:33  Marine  
  170  16:45  Marine x3  
  169  16:57  Ghost  
  169  16:58  Marine x2  
  169  16:59  Marine x2  
  169  17:01  Marauder x2  
  173  17:04  Marauder  
  173  17:07  Marine  
  173  17:08  Marine x2  
  152  17:16  Marine x2  
  152  17:18  Marauder  
  152  17:22  Marauder  
  156  17:29  Ghost  
  154  17:30  Marine x4  
  154  17:34  Command Center  
  161  17:37  Marine  
  161  17:39  Marine x2  
  161  18:01  Ghost  
  161  18:02  Ghost  
  163  18:06  Ghost  
  163  18:12  Marine x3  
  167  18:13  Marine  
  167  18:18  Ghost  
  171  18:20  Marine x2  
  171  18:27  Marine  
  173  18:30  Marine x2  
Tags
 
Add a new tag
Caveats
  • Supply blocks, unpowered buildings, or Contaminate may cause inaccurate times.
  • Supply counts are checked every 10 seconds.